 Dungeon Crawl Stone Soup version 0.29.1-2-gbd0b4ee654 (webtiles) character file.

Game seed: 3082855232781288457

654 H0rd4k the Insei (level 7, -8/48 HPs)
             Began as an Octopode Artificer on Nov 17, 2022.
             Was an Initiate of Gozag.
             Mangled by a six-headed hydra (16 damage)
             ... on level 6 of the Dungeon.
             The game lasted 00:05:59 (6947 turns).

H0rd4k the Insei (Octopode Artificer)               Turns: 6947, Time: 00:06:00

Health: -8/48      AC:  1    Str: 11    XL:     7   Next: 54%
Magic:  12/12      EV: 13    Int: 15    God:    Gozag
Gold:   241        SH:  0    Dex: 13    Spells: 12/12 levels left

rFire   . . .      SeeInvis .     - Unarmed
rCold   + . .      Faith    .   (no shield)
rNeg    + . .      Spirit   .   (helmet restricted)
rPois   .          Reflect  .   (no amulet)
rElec   .          Harm     .   m - ring of protection from cold
rCorr   .          Rampage  .   w - ring of positive energy
Will    .....                   (no ring)
Stlth   +++.......              (no ring)
HPRegen 0.16/turn               (no ring)
MPRegen 0.13/turn               (no ring)
                                (no ring)
                                (no ring)

@: about to teleport
A: almost no armour, amphibious, 8 rings, camouflage 1, gelatinous body 1,
(nimble swimmer 1), tentacles
a: Renounce Religion, Potion Petition, Call Merchant, Bribe Branch


You were on level 6 of the Dungeon.
You worshipped Gozag.
Gozag was aware of your devotion.
You visited 1 branch of the dungeon, and saw 6 of its levels.

You collected 320 gold pieces.
You paid 79 gold pieces to Gozag.

Inventory:

Hand Weapons
 b - a +1 scimitar of holy wrath
Missiles
 i - 5 datura-tipped darts
Magical Staves
 u - a staff of air
 v - a staff of earth
Jewellery
 m - a ring of protection from cold (left tentacle)
 w - a ring of positive energy (right tentacle)
Wands
 c - a wand of charming (10)
 d - a wand of iceblast (4)
Scrolls
 a - 2 scrolls of enchant armour {unknown}
 f - 2 scrolls of teleportation
 g - 5 scrolls of identify {unknown}
 l - 2 scrolls of summoning {unknown}
 n - a scroll of immolation {unknown}
 o - a scroll of fear {unknown}
 p - 4 scrolls of amnesia {unknown}
 t - a scroll of enchant weapon {unknown}
Potions
 e - a potion of might {unknown}
 h - a potion of mutation {unknown}
 j - 7 potions of curing {unknown}
 k - 2 potions of cancellation {unknown}
 q - 2 potions of resistance {unknown}
 r - 4 potions of degeneration {unknown}
 s - 2 potions of heal wounds {unknown}


   Skills:
 * Level 4.0 Fighting
 - Level 2.3 Dodging
 - Level 1.3 Stealth
 + Level 5.4 Unarmed Combat
 * Level 3.3 Spellcasting
 - Level 3.2 Evocations


You had 12 spell levels left.
You didn't know any spells.
Your spell library was empty.

Dungeon Overview and Level Annotations

Branches:
Dungeon (6/15)             Temple (0/1) D:6

Altars:
Ashenzari
Gozag
Makhleb

Annotations:
D:1 exclusion: downstairs
D:3 Ijyb
D:5 exclusions: downstairs and phantom


Innate Abilities, Weirdness & Mutations

You cannot wear most types of armour.
You are amphibious.
You can wear up to eight rings at the same time.
Your skin changes colour to match your surroundings (Stealth+).
Your rubbery body absorbs attacks. (AC +1, EV +1)
((You are camouflaged when in or above water. (Stealth+)))
You have tentacles for arms and can constrict up to eight enemies at once.


Message History

You barely miss the ice beast.
The ice beast is heavily wounded.
The ice beast hits you. The ice beast freezes you. You resist.
You tentacle-slap the ice beast.
The ice beast is heavily wounded.
You closely miss the ice beast.
Your tentacle-slap misses the ice beast.
The ice beast is heavily wounded.
The ice beast hits you. The ice beast freezes you. You resist.
Aiming: Charm
Press: ? - help, Shift-Dir - straight line, f - ice beast
Aim: an ice beast (heavily wounded, chance to affect: 57%)
The ice beast is charmed.
Unknown command.
What are your orders? t - Shout!
Orders for allies: a - Attack new target. p - Attack previous target. r - Retreat! s - Stop attacking. g - Guard the area. f - Follow me.
Anything else - Cancel.
Guard this area!
What are your orders? t - Shout!
Orders for allies: a - Attack new target. r - Retreat! s - Stop attacking. g - Guard the area. f - Follow me.
Anything else - Cancel.
Guard this area!
A six-headed hydra comes into view.
The six-headed hydra roars!
Okay, then.
As you read the scroll labelled LAORCH VUUPHEPP, it crumbles to dust.
You feel strangely unstable.
It was a scroll of teleportation.
The six-headed hydra bites you!
* * * LOW HITPOINT WARNING * * *
The six-headed hydra barely misses you.
The six-headed hydra closely misses you.
The six-headed hydra bites you!
You die...
Your body crumbles into a pile of gold.

#. #.... $
.....#..#.#.# ....#
.#.#.# ...# ..#.# #).
♣ . ..# #.#.# .... .
#.# #.#.#####..♣♣l #
#.####..........♣..
#.#.................♣
#..D@................
###########.#######..
#..............
#.######.###...
################ #.#
#.# #...
#..............#
#.######.# #...
...###.........#
#.#......# #...
..≈§##......<..#
#.#.########...
..§≈##)........#
#..............


You could see a six-headed hydra.

Vanquished Creatures
  An ice beast (D:3)
  A necrophage (D:4)
  A howler monkey (D:5)
  3 hounds
  2 orc priests
  2 iguanas (D:5)
  Terence (D:2)
  An orc wizard (D:5)
  Robin (D:2)
  5 adders
  A shadow imp (D:5)
  An ufetubus (D:4)
  5 dart slugs
  12 orcs
  6 bats
  4 endoplasms
  5 giant cockroaches
  13 hobgoblins
  7 kobolds
  A quokka (D:1)
  14 ball pythons
  4 frilled lizards
  5 goblins (D:2)
  3 rats
99 creatures vanquished.

Vanquished Creatures (collateral kills)
  An orc priest (D:5)
  An orc (D:5)
  A goblin (D:2)
  A hobgoblin (D:2)
4 creatures vanquished.

Vanquished Creatures (others)
  A goblin (D:2)
1 creature vanquished.

Grand Total: 104 creatures vanquished

Notes
Turn   | Place    | Note
-------+----------+-------------------------------------------
     0 | D:1      | H0rd4k the Octopode Artificer began the quest for the Orb.
     0 | D:1      | Reached XP level 1. HP: 13/13 MP: 1/1
   662 | D:1      | Reached XP level 2. HP: 18/18 MP: 1/3
   712 | D:1      | Reached skill level 1 in Spellcasting
  1046 | D:1      | Found a faded altar of an unknown god.
  1057 | D:1      | Reached XP level 3. HP: 14/24 MP: 4/4
  1733 | D:2      | Reached skill level 1 in Unarmed Combat
  2108 | D:2      | Noticed Terence
  2136 | D:3      | Noticed Ijyb
  2477 | D:3      | Noticed an ice beast
  2482 | D:3      | Killed an ice beast
  2483 | D:3      | Reached skill level 2 in Unarmed Combat
  2483 | D:3      | Reached XP level 4. HP: 30/30 MP: 5/7
  2483 | D:3      | Reached XP level 5. HP: 36/36 MP: 5/8
  2757 | D:3      | Found a burning altar of Makhleb.
  2759 | D:3      | Noticed a green death
  2793 | D:3      | Reached skill level 3 in Unarmed Combat
  3061 | D:2      | Killed Terence
  3201 | D:2      | Noticed Robin
  3222 | D:2      | Reached XP level 6. HP: 7/42 MP: 9/9
  3564 | D:2      | Killed Robin
  4314 | D:4      | Reached skill level 4 in Unarmed Combat
  4595 | D:4      | Found a broken altar of Ashenzari.
  4931 | D:5      | Entered Level 5 of the Dungeon
  4944 | D:5      | Reached XP level 7. HP: 41/46 MP: 11/11
  5507 | D:5      | Reached skill level 5 in Unarmed Combat
  5945 | D:5      | Found an opulent altar of Gozag.
  5951 | D:5      | Became a worshipper of Gozag Ym Sagoz the Greedy
  6844 | D:6      | Found a staircase to the Ecumenical Temple.
  6943 | D:6      | Noticed a six-headed hydra
  6947 | D:6      | Mangled by a six-headed hydra

Illustrated notes

Levels and vault maps discovered:
D:1:      dpeg_arrival_windows_large_door, layout_loops_ring,
          hellmonk_ecumenical_altar_prayer_group
D:2:      layout_loops_cross, uniq_terence, uniq_robin
D:3:      layout_loops_ring, makhleb_altar_promises_db, uniq_ijyb
D:4:      layout_loops_cross, marbit_many_paths
D:5:      layout_gridville, nicolae_gozag_cash_rules_everything_around_me
D:6:      layout_basic, mainiacjoe_overflow_small_starburst,
          minmay_temple_entry_fiery, serial_shops, nicolae_lakefront_shop,
          interstate_on_off

Skill      XL: |  1  2  3  4  5  6  7 |
---------------+----------------------+-----
Spellcasting   | 1 2 3 |  3.3
Fighting       | 2 3 4 |  4.0
Unarmed Combat | 2 3 4 5 |  5.4
Dodging        | |  2.3
Stealth        | |  1.3
Evocations     | |  3.2

Action                   |  1- 3 |  4- 6 |  7- 9 || total
-------------------------+-------+-------+-------++-------
Melee: Unarmed           |   101 |    97 |    68 ||   266
       Constrict         |    24 |    29 |    12 ||    65
       Tentacles         |    21 |    21 |    14 ||    56
       Club              |     2 |       |       ||     2
       Punch             |     1 |     3 |     3 ||     7
Evoke: Wand              |     3 |     6 |    12 ||    21
  Use: Scroll            |       |       |     1 ||     1
 Stab: Sleeping          |     7 |    13 |     3 ||    23
       Distracted        |       |     1 |     1 ||     2
Armor: Skin              |    10 |     3 |     4 ||    17
Dodge: Dodged            |    74 |    54 |    39 ||   167
